 Dungeon Crawl Stone Soup version 0.29-a0-243-g602b31c20e (webtiles) character file.

Game seed: 8232960897271102609

5 spaghetti the Ducker (level 1, 6/13 HPs)
             Began as a Deep Elf Chaos Knight on Mar 5, 2022.
             Was a Plaything of Xom.
             Quit the game on level 2 of the Dungeon.
             The game lasted 00:00:30 (135 turns).

spaghetti the Ducker (Deep Elf Chaos Knight)         Turns: 135, Time: 00:00:31

Health: 6/13       AC:  5    Str:  9    XL:     1   Next: 66%
Magic:  3/3        EV: 12    Int: 16    God:    Xom [..*...]
Gold:   0          SH:  0    Dex: 14    Spells: 0/0 levels left

rFire   . . .      SeeInvis .     - Unarmed
rCold   . . .      Faith    .   (no shield)
rNeg    . . .      Spirit   .   a - +2 leather armour
rPois   .          Reflect  .   (no helmet)
rElec   .          Harm     .   (no cloak)
rCorr   .          Rampage  .   (no gloves)
Will    .....                   (no boots)
Stlth   +.........              (no amulet)
HPRegen 0.04/turn               (no ring)
MPRegen 0.08/turn               (no ring)

@: no status effects
A: no striking features
a: Renounce Religion


You were on level 2 of the Dungeon.
You worshipped Xom.
You were a toy of Xom.
You visited 1 branch of the dungeon, and saw 2 of its levels.


   Skills:
 - Level 2.4 Fighting
 - Level 0.7 Armour
 + Level 3.1 Dodging
 - Level 2.4 Unarmed Combat


You couldn't memorise any spells.
You didn't know any spells.
Your spell library was empty.

Inventory:

Hand Weapons
 d - a +0 dagger {short}
   (You took it off a goblin on level 1 of the Dungeon)
Missiles
 c - 3 curare-tipped darts (quivered) {=fthrowing}
Armour
 a - a +2 leather armour (worn)
Scrolls
 b - a scroll of vulnerability {unknown}

Dungeon Overview and Level Annotations

Branches:
Dungeon (2/15)

Altars:

# .# ..# ...#
....#
#######.b....
#...b@rbbr...
#...?##......
#.... .....
#.... ....
#.... ...
#.... ..
###.. . #..


You could see a quokka (ally target) and a rat.


Message History

The frilled lizard bites your butterfly.
Your butterfly dies!
Your butterfly degenerates into a cloud of primal chaos!
There is an open door here.
You swap places.
The hobgoblin barely misses your butterfly.
The hobgoblin closely misses your butterfly.
The hobgoblin closely misses your butterfly.
The hobgoblin closely misses your butterfly.
There is a staircase leading out of the dungeon here.
The hobgoblin closely misses your butterfly. 😮 HP[+1]
You open the door.
There is an open door here.
You close the door.
A hobgoblin comes into view.
Found a stone staircase leading down.
The hobgoblin shouts!
You see here a scroll labelled EMAMUI TIXT.
b - a scroll labelled EMAMUI TIXT You see here 5 curare-tipped darts {=fthrowing}.
c - 5 curare-tipped darts {=fthrowing} Throw: 5 darts (curare) {=fthrowing}
Press: ? - help, Q - select action Shift-Dir - straight line, f - hobgoblin
Aim: a hobgoblin (59% to hit)
You throw a curare-tipped dart {=fthrowing}.
The curare-tipped dart {=fthrowing} barely misses the hobgoblin.
The hobgoblin barely misses you.
Throw: 4 darts (curare) {=fthrowing}
Press: ? - help, Q - select action Shift-Dir - straight line, f/p - hobgoblin
Aim: a hobgoblin (59% to hit)
You throw a curare-tipped dart {=fthrowing}.
The curare-tipped dart {=fthrowing} hits the hobgoblin.
The hobgoblin is poisoned.
The hobgoblin convulses.
The hobgoblin seems to slow down.
A goblin comes into view. It is wielding a +0 dagger.
Throw: 3 darts (curare) {=fthrowing}
Press: ? - help, Q - select action Shift-Dir - straight line, f - frilled lizard, p - hobgoblin
Aim: a frilled lizard (40% to hit)
You throw a curare-tipped dart {=fthrowing}.
The curare-tipped dart {=fthrowing} hits the hobgoblin.
The hobgoblin is poisoned.
The hobgoblin convulses.
You kill the hobgoblin!
The goblin shouts!
You kill the hobgoblin!
Throw: 2 darts (curare) {=fthrowing}
Press: ? - help, Q - select action Shift-Dir - straight line, f - goblin, p - frilled lizard
Aim: a goblin, wielding a +0 dagger (51% to hit)
You throw a curare-tipped dart {=fthrowing}.
The curare-tipped dart {=fthrowing} hits the goblin.
The goblin is poisoned.
The goblin convulses.
You kill the goblin!
You hit the frilled lizard.
You kill the frilled lizard!
Your Dodging skill increases to level 3!
c - 2 curare-tipped darts {=fthrowing} (gained 1)
You see here a frilled lizard corpse.
A rat comes into view. 😮 HP[+1]
A rat is nearby!
A rat is nearby!
A rat is nearby!
A rat is nearby!
Things that are here:
a curare-tipped dart {=fthrowing}; a hobgoblin corpse The rat misses you.
You hit the rat but do no damage. You hit the rat.
You kill the rat!
c - 3 curare-tipped darts {=fthrowing} (gained 1)
d - a +0 dagger {short} A quokka comes into view.
A quokka is nearby! 😕 HP[+3]
You regained 3 hp, and now have 12/13 hp.
A quokka is nearby!
A quokka is nearby!
There is a stone staircase leading down here.
The quokka closely misses you.
You climb downwards.
There is a stone staircase leading up here.
Unknown command.
Unknown command.
You barely miss the quokka.
The quokka bites you but does no damage.
You hit the quokka but do no damage.
The quokka bites you but does no damage.
You closely miss the quokka. The quokka bites you.
A shower of butterflies erupts from you! 😮 HP[-3]
You take 3 damage, and now have 9/13 hp.
MASSIVE DAMAGE!! (PAUSE)
You hit the quokka. The quokka barely misses you.
The rat completely misses your butterfly.
The quokka bites you.
* * * LOW HITPOINT WARNING * * *
😨 HP[-3]
You take 3 damage, and now have 6/13 hp.
MASSIVE DAMAGE!! (PAUSE) Are you sure you want to abandon this character and quit the game? (Confirm with "yes".)

Skill      XL: |  1 |
---------------+----+-----
Dodging        | 3 |  3.1
Fighting       | |  2.4
Armour         | |  0.7
Unarmed Combat | |  2.4

Action                   || total
-------------------------++-------
Melee: Unarmed           ||    20
Throw: Dart              ||     4
Armor: Leather armour    ||     7
Dodge: Dodged            ||    15

Levels and vault maps discovered:
D:1:      saegor_arrival_miasma, layout_basic,
          chequers_ecumenical_altar_simple_redux
D:2:      layout_basic, minmay_quantized

Notes
Turn   | Place    | Note
-------+----------+-------------------------------------------
     0 | D:1      | spaghetti the Deep Elf Chaos Knight began the quest for the
                  | Orb.
     0 | D:1      | Reached XP level 1. HP: 13/13 MP: 3/3
     0 | D:1      | magus.rc [v1.9.6]
    19 | D:1      | XOM: butterfly on damage
    47 | D:1      | Reached skill level 3 in Dodging
   133 | D:2      | XOM: butterfly on damage
   135 | D:2      | Quit the game

Vanquished Creatures
  A goblin (D:1)
  2 hobgoblins (D:1)
  A frilled lizard (D:1)
  A rat (D:1)
5 creatures vanquished.

Table legend:
 A = Non-vault XP
 B = Vault XP
 C = Vault XP percentage of total XP
 D = Non-vault monster count
 E = Vault monster count
 F = Vault count percentage of total count
                 A         B        C        D         E       F
            +---------+---------+-------+---------+---------+-------
      Total |       8 |       0 |   0.0 |       5 |       0 |   0.0
            +---------+---------+-------+---------+---------+-------
        D:1 |       8 |       0 |   0.0 |       5 |       0 |   0.0
            +---------+---------+-------+---------+---------+-------

Illustrated notes

Table legend:
 A = Kills in this place as a percentage of kills in entire the game.
 B = Kills by you in this place as a percentage of kills by you in the entire game.
 C = Kills by friends in this place as a percentage of kills by friends in the entire game.
 D = Other kills in this place as a percentage of other kills in the entire game.
 E = Experience gained in this place as a percentage of experience gained in the entire game.
 F = Experience gained in this place divided by the number of levels of this place that you have seen.
                   A       B       C       D       E      F
               +-------+-------+-------+-------+-------+----------------------
         Total | 100.0 | 100.0 |   N/A |   N/A | 100.0 |   4.0
       Dungeon | 100.0 | 100.0 |   N/A |   N/A | 100.0 |   4.0
               +-------+-------+-------+-------+-------+----------------------

Table legend: (Time is in decaauts)
 A = Elapsed time spent in this place.
 B = Non-inter-level travel time spent in this place.
 C = Inter-level travel time spent in this place.
 D = Time resting spent in this place.
 E = Time spent auto-exploring this place.
 F = Levels seen in this place.
 G = Mean time per level.
                   A        B        C        D        E       F      G
               +--------+--------+--------+--------+--------+-----+--------+
         Total |    133 |    133 |      0 |      0 |     73 |   2 |   66.5 |
       Dungeon |    133 |    133 |      0 |      0 |     73 |   2 |   66.5 |
               +--------+--------+--------+--------+--------+-----+--------+

Top non-repeatable levels by time:
     D:1: 129 daAuts
     D:2: 4 daAuts
